cohdb
Replays
Latest Replays
All Replays
Popular Replays
Top Player Replays
Match Explorer
How It Works
Community
CoH3 Stats
Reddit
Sign in to upload your games and track your stats! →
Sign in with Steam
Big Wrebbs being friendly as per
Match 32542552
Overview
Messages
Build Orders
End
Panzergrenadier Squad
Selects Armored Support Battlegroup
Panzergrenadier Squad
Panzergrenadier Squad
Construct Light Support Kompanie
Fire Support Elements
le.IG 18 Support Gun Team
le.IG 18 Mechanized Group
Selects Vehicle Awareness
Construct Panzerarmee Kommand
Emergency Repair Kits
Selects Panzer Storm
Panzer III L Medium Tank
Pak 38 Mechanized Group
Rapid Advance
Panzer III L Medium Tank
Selects Stuka Anti-tank Loiter
2.5-tonne Medical Truck
Selects Veteran Gunners
Advanced Field Repairs
Stuka Anti-tank Loiter
Panzer III L Medium Tank
Selects Flammpanzer III Medium Tank
Armored Reserves
Advanced Optics
Stuka Anti-tank Loiter
Panzer III L Medium Tank
炮姬
Inscribe_ZdS
Computer - Hard
Jimm-e
Elsass Cola
Minimizen
Меткић'94
JohnsonGiver
0
0
Comments
sign in to comment!
No comments posted yet!